 Dungeon Crawl Stone Soup version 0.30.1-4-g462c640d31 (webtiles) character file.

Game seed: 3832572884206509600

101 Amplified the Grasshopper (level 4, -9/34 HPs)
             Began as a Demonspawn Warper on Aug 26, 2023.
             Mangled by an iguana (10 damage)
             ... on level 3 of the Dungeon.
             The game lasted 00:03:56 (1849 turns).

Amplified the Grasshopper (Demonspawn Warper)       Turns: 1849, Time: 00:03:56

Health: -9/34      AC:  4    Str: 13    XL:     4   Next: 48%
Magic:  7/7        EV: 12    Int: 14    God:
Gold:   82         SH:  0    Dex: 13    Spells: 7/7 levels left

rFire   . . .        e - +0 whip
rCold   . . .        (no shield)
rNeg    . . .        k - +2 robe {Will+}
rPois   .            (no helmet)
rElec   .            (no cloak)
rCorr   .            (no gloves)
SInv    .            (no boots)
Will    +....        (no amulet)
Stlth   +            (no ring)
HPRegen 0.25/turn    (no ring)
MPRegen 0.10/turn

%: no passive effects
@: no status effects
A: powered by death 1
a: no special abilities


You were on level 3 of the Dungeon.
You visited 1 branch of the dungeon, and saw 3 of its levels.

You collected 82 gold pieces.

Inventory:

Hand Weapons
 a - a +0 mace
 e - a +0 whip (weapon)
 h - a +1 whip of distortion
 n - the +1 whip of Innocence {heavy, rC+}
   (You found it on level 2 of the Dungeon)

   rC:        It protects you from cold.
Missiles
 d - 5 boomerangs of dispersal (quivered)
 f - 2 poisoned darts
 t - 5 silver javelins
Armour
 k - a +2 robe of willpower (worn)
Jewellery
 g - a ring of fire
 i - a ring of ice
 q - a +6 ring of intelligence
Wands
 v - a wand of flame (30)
Scrolls
 c - 3 scrolls of blinking
 l - a scroll of vulnerability
 o - 4 scrolls of immolation {unknown}
Potions
 j - 3 potions of might
 m - a potion of haste {unknown}
 p - a potion of lignification {unknown}
 r - a potion of flight {unknown}
 s - a potion of mutation {unknown}
 u - a potion of curing {unknown}


   Skills:
 * Level 2.9 Fighting
 * Level 2.7 Maces & Flails
 - Level 0.8 Throwing
 - Level 0.8 Armour
 * Level 2.6 Dodging
 - Level 2.0 Spellcasting
 * Level 3.3 Translocations


You had 7 spell levels left.
You didn't know any spells.
Your spell library contained the following spells:

 Spells                   Type           Power      Damage    Failure   Level
 Blink                    Tloc           20%        N/A       10%         2
 Lesser Beckoning         Tloc           20%        N/A       10%         2
 Gell's Gravitas          Tloc           10%        N/A       19%         3
 Teleport Other           Tloc           10%        N/A       19%         3
 Necrotise                Necr           4%         1d4       24%         1
 Poisonous Vapours        Pois/Air       2%         N/A       34%         2
 Vhi's Electric Charge    Tloc/Air       12%        N/A       36%         3
 Manifold Assault         Tloc           10%        N/A       52%         4
 Mephitic Cloud           Conj/Pois/Air  1%         N/A       56%         3
 Vampiric Draining        Necr           1%         2d6       56%         3
 Agony                    Necr           1%         N/A       100%        5
 Freezing Cloud           Conj/Ice/Air   0%         6-21      100%        5
 Dispersal                Tloc           5%         N/A       100%        6


Dungeon Overview and Level Annotations

Branches:
Dungeon (3/15)

Altars:

Shops:
D:1 [


Innate Abilities, Weirdness & Mutations

You regenerate a little health from kills.


Message History

The bat hits you but does no damage.
You hit the ball python.
You kill the ball python!
The bat hits you but does no damage.
You closely miss the bat. The bat hits you but does no damage.
The kobold throws a stone.
The stone hits you. The bat hits you but does no damage.
The bat hits you but does no damage.
The kobold hits you with a +0 short sword.
You hit the bat.
You kill the bat!
The kobold hits you but does no damage.
You hit the kobold.
You kill the kobold!
No target in view!
No target in view!
You see here a bat corpse.
You see here 5 silver javelins.
t - 5 silver javelins
u - a clear potion
v - a wand of flame (30)
c - 3 scrolls of blinking (gained 1)
An iguana comes into view.
Found a scroll of identify.
The iguana hisses angrily.
An iguana is nearby!
As you read the scroll of identify, it crumbles to dust.
l - a scroll of vulnerability A bat comes into view.
You hit the iguana.
The iguana is moderately wounded.
The iguana bites you!
You hit the iguana.
The iguana is severely wounded.
The iguana bites you! The iguana attacks as you move away!
The iguana bites you!
* * * LOW HITPOINT WARNING * * *
The bat closely misses you. The iguana attacks as you move away!
The iguana bites you!
You die...

#..........#
#..........#
#..........#
#..........####
##.>..........#
#..........####
#..........#
#......)...#
#....†....@####
#.........!l..#
##........#b...#
##.........$..#
##.#####......#
#..# #......#
##.## ##....?.#
#..# .......#
##.# .......#


You could see an iguana and a bat.

Vanquished Creatures
  2 adders
  A worm (D:3)
  2 dart slugs
  8 bats
  5 endoplasms
  A giant cockroach (D:1)
  3 goblins
  12 hobgoblins
  4 jackals (D:2)
  13 kobolds
  5 quokkas
  4 ball pythons
  4 frilled lizards
  6 rats
70 creatures vanquished.

Notes
Turn   | Place    | Note
-------+----------+-------------------------------------------
     0 | D:1      | Amplified the Demonspawn Warper began the quest for the
                  | Orb.
     0 | D:1      | Reached XP level 1. HP: 16/16 MP: 3/3
   107 | D:1      | Found Qat Boaw's Armour Boutique.
   108 | D:1      | Noticed an animated storm dragon scales
   108 | D:1      | Noticed an animated storm dragon scales
   192 | D:1      | Gained mutation: You regenerate a little health from kills.
                  | [demonic ancestry]
   192 | D:1      | Reached XP level 2. HP: 16/22 MP: 5/5
   445 | D:1      | Reached skill level 3 in Translocations
   502 | D:1      | Reached XP level 3. HP: 26/28 MP: 6/6
   899 | D:2      | Identified the +1 whip of Innocence {heavy, rC+}
  1028 | D:2      | Reached XP level 4. HP: 23/34 MP: 7/7
  1848 | D:3      | HP: 1/34 [iguana (10)]
  1849 | D:3      | Mangled by an iguana

Illustrated notes

Levels and vault maps discovered:
D:1:      beargit_arrival_greenhouse, layout_rooms, serial_shops,
          nicolae_shop_mannequins, chequers_serial_rivers_micro_b
D:2:      layout_rooms, minmay_misc_feat_iff, minmay_quadrilaterals
D:3:      layout_rooms, mainiacjoe_overflow_tiny_flanked,
          hellmonk_ecumenical_altar_zigzags

Skill      XL: |  1  2 |
---------------+-------+-----
Dodging        | 2 |  2.6
Maces & Flails | 2 |  2.7
Translocations | 3 |  3.3
Fighting       | |  2.9
Throwing       | |  0.8
Armour         | |  0.8
Spellcasting   | |  2.0

Action                     |  1- 3 |  4- 6 || total
---------------------------+-------+-------++-------
  Melee: Whip              |   214 |    89 ||   303
         Mace              |     3 |       ||     3
         Punch             |     1 |     2 ||     3
  Throw: Boomerang         |       |     2 ||     2
    Use: Scroll            |     4 |     2 ||     6
         Potion            |     1 |       ||     1
 Armour: Leather armour    |    86 |     8 ||    94
         Robe              |       |    17 ||    17
  Dodge: Dodged            |   148 |    49 ||   197
